 Dungeon Crawl Stone Soup version 0.29-a0-1033-gb6c65ffae6 (webtiles) character file.

Game seed: 4319835910772068617

5053 tatocazan the Cleaver (level 10, -3/79 HPs)
             Began as a Demonspawn Fighter on Aug 14, 2022.
             Was a Believer of Makhleb.
             Killed from afar by an acid dragon (16 damage)
             ... with a splash of acid
             ... on level 9 of the Dungeon.
             The game lasted 00:12:01 (10748 turns).

tatocazan the Cleaver (Demonspawn Fighter)         Turns: 10748, Time: 00:12:02

Health: -3/79      AC: 12    Str: 20    XL:     10   Next: 31%
Magic:  15/15      EV:  6    Int: 10    God:    Makhleb [**....]
Gold:   704        SH:  6    Dex: 13    Spells: 9/9 levels left

rFire   + . .      SeeInvis .   M - +2 war axe (flame)
rCold   . . .      Faith    .   c - +1 buckler
rNeg    . . .      Spirit   .   J - +4 plate armour {rF+}
rPois   +          Reflect  .   (no helmet)
rElec   .          Harm     .   (no cloak)
rCorr   .          Rampage  +   B - +0 pair of gloves
Will    .....                   I - +1 pair of boots {rampage}
Stlth   ..........              (no amulet)
HPRegen 0.23/turn               F - ring of poison resistance
MPRegen 0.14/turn               (no ring)

@: corroded, studying Staves
A: hooves 2, demonic guardian 1, spiny 1
a: Renounce Religion, Minor Destruction


You were on level 9 of the Dungeon.
You worshipped Makhleb.
Makhleb was pleased with you.
You visited 1 branch of the dungeon, and saw 9 of its levels.
You also visited: Bailey.

You collected 704 gold pieces.

Inventory:

Hand Weapons
 M - a +2 war axe of flaming (weapon)
Missiles
 s - a throwing net (quivered)
Armour
 b - a +0 scale mail
 c - a +1 buckler (worn)
 p - a +0 chain mail
 t - the +5 ring mail of the Ego {rCorr}
   (You found it on level 3 of the Dungeon)

   rCorr:     It protects you from acid and corrosion.
 z - a +0 plate armour
 B - a +0 pair of gloves (worn)
 I - a +1 pair of boots of rampaging (worn)
 J - a +4 plate armour of fire resistance (worn)
Jewellery
 r - a ring of see invisible
 F - a ring of poison resistance (left hand)
 H - an amulet of magic regeneration
Wands
 a - a wand of polymorph (6)
 u - a wand of iceblast (16)
 v - a wand of flame (9)
Scrolls
 e - 5 scrolls of teleportation
 h - a scroll of blinking
 n - 2 scrolls of enchant armour
 o - 3 scrolls of poison
 w - 5 scrolls of enchant weapon
 y - 3 scrolls of identify
 C - a scroll of amnesia
Potions
 f - 3 potions of flight
 g - a potion of magic
 i - a potion of ambrosia {unknown}
 j - a potion of cancellation {unknown}
 k - 2 potions of curing {unknown}
 l - 2 potions of berserk rage
 m - a potion of heal wounds
 q - a potion of haste {unknown}
 x - a potion of attraction {unknown}
 A - 2 potions of might
 D - a potion of resistance {unknown}
 E - 2 potions of mutation {unknown}
 K - a potion of invisibility {unknown}
 L - a potion of brilliance {unknown}


   Skills:
 + Level 7.0 Fighting
 * Level 8.1 Axes
 + Level 6.5 Armour
 + Level 6.4 Shields
 * Level 7.8 Invocations


You had 9 spell levels left.
You didn't know any spells.
Your spell library contained the following spells:

 Spells                   Type           Power      Damage    Failure   Level
 Beastly Appendage        Tmut           0%         N/A       100%        1
 Magic Dart               Conj           0%         1d3       100%        1
 Sandblast                Erth           0%         2d4       100%        1
 Call Imp                 Summ           0%         N/A       100%        2
 Passwall                 Tmut/Erth      0%         N/A       100%        2
 Sublimation of Blood     Necr           0%         N/A       100%        2
 Wereblood                Tmut           0%         N/A       100%        2
 Mephitic Cloud           Conj/Pois/Air  0%         N/A       100%        3
 Spider Form              Tmut/Pois      0%         N/A       100%        3
 Stone Arrow              Conj/Erth      0%         3d7       100%        3
 Summon Hydra             Summ           0%         N/A       100%        7


Dungeon Overview and Level Annotations

Branches:
Dungeon (9/15)             Temple (0/1) D:6          Bailey (visited)
   Lair: D:8-11         Orc: D:9-12

Altars:
Fedhas
Hepliaklqana
Makhleb
Wu Jian
Xom

Shops:
D:6 (

Annotations:
D:5 2 transporters, ragingrage's ghost, weakling MiDe


Innate Abilities, Weirdness & Mutations

You have hoof-like feet.
A weak demonic guardian rushes to your aid.
You are partially covered in sharp spines.


Message History

The acid dragon is moderately wounded.
The acid dragon bites you but does no damage.
You block the acid dragon's attack.
You barely miss the acid dragon.
The acid dragon is moderately wounded.
The acid dragon bites you.
The acid dragon claws you but does no damage.
You take 4 damage, and have 37/79 hp.
You hit the acid dragon but do no damage.
The acid dragon is moderately wounded.
The acid dragon bites you but does no damage.
The acid dragon claws you.
You take 2 damage, and have 35/79 hp.
You hit the acid dragon. You burn the acid dragon.
The acid dragon is heavily wounded.
The acid dragon barely misses you. You block the acid dragon's attack.
The acid dragon bites you.
The acid dragon claws you but does no damage.
You take 1 damage, and have 34/79 hp.
You hit the acid dragon but do no damage.
The acid dragon is moderately wounded.
The acid dragon spits acid at you. The splash of acid hits you!!
* * * LOW HITPOINT WARNING * * *
A demonic guardian appears!
You take 21 damage, and have 13/79 hp.
MASSIVE DAMAGE!!
You hit the acid dragon but do no damage.
The acid dragon is moderately wounded.
The acid dragon barely misses you.
The acid dragon claws you but does no damage.
You barely miss the acid dragon.
The acid dragon is moderately wounded.
You block the acid dragon's attack.
The acid dragon claws you but does no damage.
You hit the acid dragon. You burn the acid dragon.
The acid dragon is heavily wounded.
Your iron imp barely misses the acid dragon.
The acid dragon spits acid at you. The splash of acid hits you!
You die...

#...######..<....#
#.................
..######....##..
#....# # #.####
###.# #...#
###.### #..@#
.......D5#
...........
[.........##
..........#
.........##
#...#...##
#########


You could see an acid dragon (catching breath, ally target) and a friendly iron
imp (summoned).

Vanquished Creatures
  Joseph (D:9)
  A shadow (D:9)
  Sigmund (D:2)
  3 yaks (D:5)
  A wraith (D:9)
  A steam dragon (D:8)
  7 orc warriors
  A water moccasin (D:6)
  An ice beast (D:7)
  3 black bears
  2 ogres
  2 centaurs
  2 kobold brigands
  3 bullfrogs
  A necrophage (D:7)
  A scorpion (D:5)
  10 wights
  4 killer bees
  A howler monkey (D:9)
  A crimson imp (D:5)
  2 orc priests
  4 jellies
  A gnoll bouda (D:8)
  8 iguanas
  Terence (D:2)
  3 orc wizards
  4 gnolls (D:3)
  6 adders
  A shadow imp (D:6)
  6 white imps
  A worm (D:2)
  12 dart slugs
  20 orcs
  5 bats
  6 endoplasms
  4 goblins (D:1)
  5 hobgoblins
  2 jackals (D:4)
  5 quokkas
  9 ball pythons
  3 frilled lizards
  10 kobolds
  4 rats
169 creatures vanquished.

Vanquished Creatures (collateral kills)
  A gnoll sergeant (D:8)
  A wight (D:8)
  3 gnolls (D:8)
  A white imp (D:8)
  An orc (Bailey)
7 creatures vanquished.

Vanquished Creatures (others)
  A sky beast (D:7)
  8 fungi (D:8)
  A plant (D:8)
10 creatures vanquished.

Grand Total: 186 creatures vanquished

Notes
Turn   | Place    | Note
-------+----------+-------------------------------------------
     0 | D:1      | tatocazan the Demonspawn Fighter began the quest for the
                  | Orb.
     0 | D:1      | Reached XP level 1. HP: 18/18 MP: 1/1
   206 | D:1      | Found a faded altar of an unknown god.
   349 | D:1      | Reached skill level 2 in Axes
   449 | D:1      | Gained mutation: You are partially covered in sharp spines.
                  | [demonic ancestry]
   449 | D:1      | Reached XP level 2. HP: 24/24 MP: 2/2
  1523 | D:2      | Reached XP level 3. HP: 24/29 MP: 3/3
  1795 | D:2      | Noticed Sigmund
  1804 | D:2      | Killed Sigmund
  1805 | D:2      | Reached skill level 3 in Axes
  1805 | D:2      | Reached XP level 4. HP: 5/37 MP: 4/4
  1805 | D:2      | Gained mutation: You have large cloven feet. [demonic
                  | ancestry]
  1805 | D:2      | Reached XP level 5. HP: 6/42 MP: 5/5
  2064 | D:2      | Noticed Terence
  2078 | D:2      | Killed Terence
  2351 | D:2      | Found a shimmering altar of Xom.
  3041 | D:3      | Reached XP level 6. HP: 39/48 MP: 6/6
  3225 | D:3      | Identified the +5 ring mail of the Ego {rCorr}
  4383 | D:5      | Entered Level 5 of the Dungeon
  4764 | D:5      | Found a transporter.
  4768 | D:5      | Found a transporter.
  4768 | D:5      | Noticed ragingrage's ghost (weakling MiDe)
  4768 | D:5      | Noticed a water moccasin
  4929 | D:5      | Found a shimmering altar of Xom.
  4929 | D:5      | Found a burning altar of Makhleb.
  4932 | D:5      | Reached skill level 4 in Axes
  4935 | D:5      | Became a worshipper of Makhleb the Destroyer
  5021 | D:5      | Noticed a yak
  5022 | D:5      | Noticed a yak
  5022 | D:5      | Noticed a yak
  5036 | D:5      | Killed a yak
  5037 | D:5      | Gained mutation: A weak demonic guardian rushes to your
                  | aid. [demonic ancestry]
  5037 | D:5      | Reached XP level 7. HP: 47/55 MP: 7/7
  5053 | D:5      | Killed a yak
  5054 | D:5      | Reached skill level 5 in Fighting
  5054 | D:5      | Reached skill level 5 in Axes
  5058 | D:5      | Killed a yak
  5059 | D:5      | Gained mutation: You have hoof-like feet. [demonic
                  | ancestry]
  5059 | D:5      | Reached XP level 8. HP: 44/62 MP: 8/8
  5514 | D:5      | Reached skill level 5 in Armour
  5514 | D:5      | Reached skill level 5 in Shields
  5850 | D:5      | Reached skill level 1 in Invocations
  6095 | D:6      | Found Uzahaboi's Antique Weapon Emporium.
  6176 | D:5      | Reached skill level 6 in Axes
  6747 | D:6      | Found a staircase to the Ecumenical Temple.
  7088 | D:7      | Reached XP level 9. HP: 69/69 MP: 11/11
  7209 | D:7      | Reached * piety under Makhleb
  7259 | D:7      | Reached skill level 5 in Invocations
  7372 | D:7      | Found an ornate altar of the Wu Jian Council.
  7860 | D:8      | Reached skill level 7 in Axes
  8082 | D:8      | Found a flagged portal.
  8133 | Bailey   | Entered a bailey
  9349 | D:8      | Found a hazy altar of Hepliaklqana.
  9432 | D:8      | Found a blossoming altar of Fedhas.
  9554 | D:8      | Reached XP level 10. HP: 67/77 MP: 15/15
  9988 | D:9      | Reached ** piety under Makhleb
 10150 | D:9      | Noticed Joseph
 10165 | D:9      | Killed Joseph
 10166 | D:9      | Reached skill level 8 in Axes
 10748 | D:9      | Killed from afar by an acid dragon

Illustrated notes

Levels and vault maps discovered:
D:1:      wheals_arrival_linesprint, layout_loops_corners,
          hellmonk_ecumenical_altar_lost_god
D:2:      layout_basic, basic_altar, chequers_arboretum, uniq_sigmund,
          uniq_terence
D:3:      layout_rooms
D:4:      layout_loops_ring, chequers_serial_rivers_marsh
D:5:      kennysheep_slugbush, layout_basic,
          grunt_temple_overflow_champion_of_chaos,
          mainiacjoe_overflow_boulevard, gammafunk_ghost_arena, minmay_pentangle
D:6:      layout_cave_pools, minmay_temple_entry_glass, serial_shops, shop,
          minmay_holes
D:7:      cheibrodos_quashed, layout_basic, amcnicky_altar_gilded
D:8:      layout_gridville, fedhas_altar_3, mainiacjoe_overflow_six_doors_small,
          enter_bailey_6, minmay_increasing_density
D:9:      kennysheep_spiral_hall, layout_rooms, mainiacjoe_overflow_swirl,
          uniq_joseph

Skill      XL: |  1  2  3  4  5  6  7  8  9 10 |
---------------+-------------------------------+-----
Axes           | 2 3 4 5 6 7 8 |  8.1
Shields        | 3 4 5 6 |  6.4
Armour         | 3 4 5 6 |  6.5
Fighting       | 4 5 6 7 |  7.0
Invocations    | 3 6 7 |  7.8

Action                   |  1- 3 |  4- 6 |  7- 9 | 10-12 || total
-------------------------+-------+-------+-------+-------++-------
Melee: War axe           |    56 |    12 |       |    62 ||   130
       Flail             |       |   105 |   251 |    20 ||   376
       Kick              |       |    37 |    59 |       ||    96
Evoke: Wand              |       |       |    17 |       ||    17
  Use: Potion            |     1 |     5 |       |       ||     6
       Scroll            |       |       |    12 |       ||    12
 Stab: Distracted        |       |       |       |     1 ||     1
Armor: Scale mail        |    17 |     2 |       |       ||    19
       Chain mail        |       |    21 |       |       ||    21
       Ring mail         |       |    39 |    83 |       ||   122
       Plate armour      |       |       |    91 |    49 ||   140
Dodge: Dodged            |    13 |    71 |   126 |    22 ||   232
Block: Buckler           |    11 |    31 |   102 |    29 ||   173

Table legend: (Time is in decaauts)
 A = Elapsed time spent in this place.
 B = Non-inter-level travel time spent in this place.
 C = Inter-level travel time spent in this place.
 D = Time resting spent in this place.
 E = Time spent auto-exploring this place.
 F = Levels seen in this place.
 G = Mean time per level.
                   A        B        C        D        E       F      G
               +--------+--------+--------+--------+--------+-----+--------+
         Total |  10907 |  10596 |    311 |   2569 |   6546 |  10 | 1090.7 |
       Dungeon |  10161 |   9850 |    311 |   2189 |   6350 |   9 | 1129.0 |
        Bailey |    745 |    745 |      0 |    380 |    196 |   1 |  745.0 |
               +--------+--------+--------+--------+--------+-----+--------+

Top non-repeatable levels by time:
     D:5: 1961 daAuts
     D:2: 1572 daAuts
     D:8: 1503 daAuts
     D:1: 1404 daAuts
     D:4: 921 daAuts
     D:9: 858 daAuts
  Bailey: 745 daAuts
     D:3: 664 daAuts
     D:7: 647 daAuts
     D:6: 627 daAuts
